 Dungeon Crawl Stone Soup version 0.31-b1-18-g61460d1e46 (webtiles) character file.

Game seed: 1607263341732372157

10 groovy9 the Conjurer (level 2, 15/15 HPs)
             Began as a Tengu Conjurer on Jan 17, 2024.
             Quit the game on level 1 of the Dungeon.
             The game lasted 00:01:51 (331 turns).

groovy9 the Conjurer (Tengu Conjurer)                Turns: 331, Time: 00:01:52

Health: 15/15      AC:  2    Str:  7    XL:     2   Next: 20%
Magic:  6/6        EV: 12    Int: 18    God:
Gold:   6          SH:  0    Dex: 12    Spells: 4/5 levels left

rFire   . . .        d - +0 dagger
rCold   . . .        (no shield)
rNeg    . . .        a - +0 robe
rPois   .            (helmet restricted)
rElec   .            (no cloak)
rCorr   .            (no gloves)
SInv    .            (boots unavailable)
Will    .....        (no amulet)
Stlth   ++           (no ring)
HPRegen 0.22/turn    (no ring)
MPRegen 0.10/turn

%: acrobat
@: no status effects
A: beak, talons 3, acrobatic
a: no special abilities


You were on level 1 of the Dungeon.
You visited 1 branch of the dungeon, and saw 1 of its levels.

You collected 6 gold pieces.

Inventory:

Hand Weapons
 d - a +0 dagger (weapon)
Armour
 a - a +0 robe (worn)
Scrolls
 f - a scroll of blinking {unknown}
 g - a scroll of enchant weapon {unknown}
Potions
 b - a potion of magic
 c - a potion of degeneration {unknown}
 e - 2 potions of attraction {unknown}


   Skills:
 - Level 2.1 Dodging
 - Level 2.0 Stealth
 + Level 2.2 Spellcasting
 * Level 5.8 Conjurations


You had 4 spell levels left.
You knew the following spells:

 Your Spells              Type           Power      Damage    Failure   Level
a - Magic Dart            Conj           88%        1d7       1%          1

Your spell library contained the following spells:

 Spells                   Type           Power      Damage    Failure   Level
 Searing Ray              Conj           44%        2d6       2%          2
 Summon Small Mammal      Summ           8%         N/A       19%         1
 Ensorcelled Hibernation  Hex/Ice        4%         N/A       26%         2
 Call Canine Familiar     Summ           2%         N/A       47%         3
 Fugue of the Fallen      Necr           2%         N/A       47%         3
 Fulminant Prism          Conj/Alch      6%         3d6       47%         4
 Iskenderun's Mystic Bla  Conj/Tloc      12%        2d5       47%         4
 Anguish                  Hex/Necr       1%         N/A       87%         4
 Summon Blazeheart Golem  Fire/Summ      2%         N/A       87%         4


Dungeon Overview and Level Annotations

Branches:
Dungeon (1/15)

Altars:


Innate Abilities, Weirdness & Mutations

You have a beak for a mouth.
You have claws for feet.
You can magically evade attacks while moving or waiting.


Message History

You hit the ball python.
You kill the ball python!
The jackal misses you.
You miss the jackal. Your kick misses the jackal.
The jackal bites you but does no damage.
You barely miss the jackal. Your kick misses the jackal. The jackal bites you.
A hobgoblin comes into view.
You closely miss the jackal. You claw the jackal. You peck the jackal.
You kill the jackal!
Things that are here:
a ball python corpse; a jackal corpse
Casting: Magic Dart (safe; 1% risk of failure)
Confirm with . or Enter, or press ? or * to list all spells.
Aiming: Magic Dart (safe; 1% risk of failure)
Press: ? - help, Shift-Dir - straight line, f - hobgoblin
Aim: a hobgoblin (100% to hit)
The magic dart hits the hobgoblin.
The hobgoblin is heavily wounded.
You see here a ball python corpse.
Casting: Magic Dart (safe; 1% risk of failure)
Confirm with . or Enter, or press ? or * to list all spells.
You don't know that spell.
Sorry, you're not good enough to have a special ability.
Unknown command.
Casting: Magic Dart (safe; 1% risk of failure)
Confirm with . or Enter, or press ? or * to list all spells.
Aiming: Magic Dart (safe; 1% risk of failure)
Press: ? - help, Shift-Dir - straight line, f/p - hobgoblin
Aim: a hobgoblin (heavily wounded, 100% to hit)
The magic dart hits the hobgoblin.
You kill the hobgoblin!
HP restored.
You see here a ball python corpse.
Things that are here:
a ball python corpse; a jackal corpse
b - a potion of magic
g - a scroll labelled LOLUON WAHO You pick up a book of Dreams and begin reading...
You add the spells Ensorcelled Hibernation, Fugue of the Fallen and Anguish to your library.
Are you sure you want to abandon this character and quit the game? (Confirm with "yes".)

#....# #........
#....# #........
#....# #........
#....# .........
#....# #....#
#########.############
.......$#............#
######@############.#
#...............# #.#
#.####.########.###.#
.... #.....# .....#
####### #.####.. . #.#
#.# #.


There were no monsters in sight!

Vanquished Creatures
  An endoplasm (D:1)
  A hobgoblin (D:1)
  4 jackals (D:1)
  2 ball pythons (D:1)
  A kobold (D:1)
9 creatures vanquished.

Notes
Turn   | Place    | Note
-------+----------+-------------------------------------------
     0 | D:1      | groovy9 the Tengu Conjurer began the quest for the Orb.
     0 | D:1      | Reached XP level 1. HP: 10/10 MP: 4/4
   205 | D:1      | Reached XP level 2. HP: 8/15 MP: 0/6
   331 | D:1      | Quit the game

Illustrated notes

Levels and vault maps discovered:
D:1:      heliophobic_arrival_battle_scene, layout_basic

Action                     || total
---------------------------++-------
  Melee: Dagger            ||     6
         Kick              ||     1
         Peck              ||     1
   Cast: Magic Dart        ||    13
    Use: Potion            ||     1
 Armour: Robe              ||     4
  Dodge: Dodged            ||     7
